 Dungeon Crawl Stone Soup version 0.27-a0-1325-g58a489ad9e (webtiles) character file.

Game seed: 12210352064231949075

5318 pokeman the Thaumaturge (level 10, -8/56 HPs)
             Began as a Deep Elf Hedge Wizard on June 24, 2021.
             Killed by the air
             ... invoked by Gastronok
              (32 damage)
             ... on level 8 of the Dungeon.
             The game lasted 00:27:49 (10508 turns).

pokeman the Thaumaturge (Deep Elf Hedge Wizard)    Turns: 10508, Time: 00:27:51

Health: -8/56      AC: 10    Str:  7    XL:     10   Next: 38%
Magic:  3/29       EV: 11    Int: 23    God:
Gold:   339        SH:  0    Dex: 14    Spells: 18/35 levels left

rFire    . . .     SeeInvis .   D - +2 short sword (venom)
rCold    . . .     Faith    .   (no shield)
rNeg     . . .     Spirit   .   F - +0 acid dragon scales
rPois    .         Reflect  .   x - +0 helmet
rElec    .         Harm     .   (no cloak)
rCorr    +         Rampage  .   r - +1 pair of gloves
Will     +....                  (no boots)
Stlth    ++........             n - amulet of the acrobat
HPRegen  0.18/turn              (no ring)
MPRegen  0.21/turn              (no ring)

@: no status effects
A: no striking features
a: no special abilities


You were on level 8 of the Dungeon.
You visited 1 branch of the dungeon, and saw 9 of its levels.

You collected 339 gold pieces.

Inventory:

Hand Weapons
 w - a +0 shortbow
 D - a +2 short sword of venom (weapon)
 H - a +0 hand crossbow
Missiles
 a - 75 arrows
 A - 38 bolts
Armour
 r - a +1 pair of gloves (worn)
 x - a +0 helmet (worn)
 F - +0 acid dragon scales (worn)
Magical Staves
 s - a staff of air
 I - a staff of poison
Jewellery
 i - an amulet of faith
 n - an amulet of the acrobat (around neck)
Wands
 c - a wand of acid (4)
 B - a wand of flame (2)
 G - a wand of mindburst (11)
Scrolls
 e - 5 scrolls of identify {unknown}
 f - 2 scrolls of teleportation {unknown}
 h - a scroll of blinking {unknown}
 j - 5 scrolls of enchant weapon {unknown}
 m - 2 scrolls of brand weapon {unknown}
 o - 2 scrolls of immolation {unknown}
 v - 5 scrolls of fear {unknown}
 y - 2 scrolls of silence {unknown}
 E - 2 scrolls of noise {unknown}
Potions
 b - 2 potions of might
 d - a potion of flight {unknown}
 g - 2 potions of brilliance {unknown}
 k - 5 potions of curing {unknown}
 l - a potion of invisibility {unknown}
 p - a potion of degeneration {unknown}
 q - 2 potions of cancellation {unknown}
 t - a potion of berserk rage {unknown}
 u - a potion of attraction {unknown}
 z - a potion of ambrosia {unknown}
 C - a potion of mutation {unknown}


   Skills:
 + Level 3.2 Fighting
 - Level 4.2 Armour
 - Level 3.0 Dodging
 - Level 3.0 Stealth
 * Level 13.0 Spellcasting
 + Level 7.6 Conjurations
 - Level 1.1 Summonings
 - Level 1.1 Translocations
 + Level 6.9 Fire Magic
 - Level 1.0 Air Magic
 - Level 1.0 Poison Magic
 - Level 1.0 Evocations


You had 18 spell levels left.
You knew the following spells:

 Your Spells              Type           Power      Damage    Failure   Level
a - Magic Dart            Conj           100%       1d8       1%          1
b - Mephitic Cloud        Conj/Pois/Air  29%        N/A       6%          3
c - Call Imp              Summ           20%        N/A       7%          2
d - Blink                 Tloc           N/A        N/A       7%          2
e - Conjure Flame         Conj/Fire      48%        6-21      1%          3
f - Foxfire               Conj/Fire      100%       2x1d9     1%          1
g - Fireball              Conj/Fire      24%        3d11      11%         5

Your spell library contained the following spells:

 Spells                   Type           Power      Damage    Failure   Level
 Sticky Flame             Conj/Fire      48%        2d7       3%          4
 Inner Flame              Hex/Fire       30%        N/A       5%          3
 Corona                   Hex            15%        N/A       8%          1
 Slow                     Hex            14%        N/A       11%         2
 Portal Projectile        Hex/Tloc       34%        N/A       19%         3
 Cause Fear               Hex            7%         N/A       58%         4
 Leda's Liquefaction      Hex/Erth       7%         N/A       58%         4
 Invisibility             Hex            7%         N/A       100%        6
 Discord                  Hex            7%         N/A       100%        8


Dungeon Overview and Level Annotations

Branches:
Dungeon (9/15)
 Temple: D:4-7         Lair: D:8-11         Orc: D:9-12

Altars:
Ashenzari
Hepliaklqana
Ru

Shops:
D:2 (

Annotations:
D:8 Gastronok


Message History

Ouch! That really hurt!
Casting: Foxfire (safe; 1% risk of failure)
Confirm with . or Enter, or press ? or * to list all spells.
The fire begins to smoulder!
The fire ignites!
Casting: Conjure Flame (safe; 1% risk of failure)
Confirm with . or Enter, or press ? or * to list all spells.
The fire begins to smoulder!
The fire ignites!
Casting: Conjure Flame (safe; 1% risk of failure)
Confirm with . or Enter, or press ? or * to list all spells.
The fire begins to smoulder!
The fire ignites!
Casting: Conjure Flame (safe; 1% risk of failure)
Confirm with . or Enter, or press ? or * to list all spells.
The fire begins to smoulder!
The fire ignites!
Casting: Conjure Flame (safe; 1% risk of failure)
Confirm with . or Enter, or press ? or * to list all spells.
The fire begins to smoulder!
The fire ignites!
Casting: Conjure Flame (safe; 1% risk of failure)
Confirm with . or Enter, or press ? or * to list all spells.
The fire begins to smoulder!
Okay, then.
Unknown command.
The fire ignites!
You see here a +0 scale mail.
Casting: Conjure Flame (safe; 1% risk of failure)
Confirm with . or Enter, or press ? or * to list all spells.
The fire begins to smoulder!
The fire ignites!
Casting: Conjure Flame (safe; 1% risk of failure)
Confirm with . or Enter, or press ? or * to list all spells.
The fire begins to smoulder!
Gastronok is engulfed in blazing flames.
Gastronok waves his eye-stalks in wide circles.
The air twists around and strikes you!!
Ouch! That really hurt!
You die...

#..(........>...................
#..........####w##########.##...
#..........# #§# #. #...
##.....#######§# ##..
#...........#§########## ###
#.....#####.#§)........#
#.....###....§########.#
#.....#.#.#.#§## #.#
#............@.# #.#
#######.......## #.#
#.....>...#######.#
##.......#........#
#.................####
.#.......#...........####
..........................
...#.#.#.#.#...........####
...........#


You could see Gastronok (swift).

Vanquished Creatures
  Harold (D:7)
  Erolcha (D:9)
  An ugly thing (D:9)
  Maggie (D:7)
  Prince Ribbit (D:7)
  3 yaks (D:9)
  A wraith (D:5)
  A water moccasin (D:7)
  3 black bears
  A sky beast (D:6)
  A hornet zombie (D:5)
  A necrophage (D:7)
  2 ogres
  3 centaurs
  2 kobold brigands
  2 bullfrogs (D:8)
  A wyvern skeleton (D:6)
  A water moccasin skeleton (D:5)
  5 wights (D:6)
  2 howler monkeys (D:6)
  3 centaur zombies
  2 jellies
  3 bullfrog zombies
  3 centaur skeletons
  3 hounds
  2 orc priests
  2 iguanas
  5 orc wizards
  Natasha (thrice) (D:4)
  A howler monkey skeleton (D:5)
  6 adders
  An ufetubus (D:5)
  A worm (D:2)
  5 dart slugs
  29 orcs
  5 bats
  7 endoplasms
  3 goblins
  8 hobgoblins
  6 jackals
  7 quokkas
  6 ball pythons
  A frilled lizard (D:1)
  16 kobolds
  2 rats (D:3)
164 creatures vanquished.

Vanquished Creatures (collateral kills)
  An orc (D:3)
  A kobold (D:7)
2 creatures vanquished.

Vanquished Creatures (others)
  292 foxfires
292 creatures vanquished.

Grand Total: 458 creatures vanquished

Notes
Turn   | Place    | Note
-------+----------+-------------------------------------------
     0 | D:1      | pokeman the Deep Elf Hedge Wizard began the quest for the
                  | Orb.
     0 | D:1      | Reached XP level 1. HP: 10/10 MP: 7/7
   106 | D:1      | Reached XP level 2. HP: 11/16 MP: 0/9
   867 | D:2      | Reached skill level 5 in Spellcasting
   988 | D:2      | Found Duhy's Antique Weapon Shop.
  1008 | D:2      | Reached XP level 3. HP: 14/20 MP: 3/11
  1012 | D:2      | Learned a level 3 spell: Mephitic Cloud
  1015 | D:2      | Learned a level 2 spell: Call Imp
  1018 | D:2      | Learned a level 2 spell: Blink
  1022 | D:2      | Learned a level 3 spell: Conjure Flame
  1408 | D:2      | Reached skill level 1 in Fighting
  1586 | D:2      | Reached skill level 1 in Armour
  2438 | D:3      | Reached XP level 4. HP: 25/25 MP: 9/13
  2680 | D:3      | Found a faded altar of an unknown god.
  3540 | D:3      | Reached skill level 1 in Fire Magic
  3887 | D:3      | Reached skill level 6 in Spellcasting
  3887 | D:3      | Reached XP level 5. HP: 26/29 MP: 8/15
  4771 | D:4      | Reached skill level 1 in Air Magic
  4904 | D:4      | Noticed Natasha
  4908 | D:4      | Killed Natasha
  5108 | D:4      | Found a hazy altar of Hepliaklqana.
  5108 | D:4      | Found a broken altar of Ashenzari.
  5188 | D:4      | Noticed Natasha
  5195 | D:4      | Killed Natasha
  5287 | D:4      | Noticed Natasha
  5293 | D:4      | Killed Natasha
  5376 | D:5      | Entered Level 5 of the Dungeon
  5388 | D:5      | Reached skill level 1 in Poison Magic
  5388 | D:5      | Reached XP level 6. HP: 34/34 MP: 13/17
  5398 | D:5      | Learned a level 1 spell: Foxfire
  5404 | D:5      | Learned a level 5 spell: Fireball
  5482 | D:5      | Reached skill level 7 in Spellcasting
  5667 | D:5      | Noticed a wraith
  5824 | D:5      | Reached XP level 7. HP: 39/39 MP: 14/20
  5915 | D:5      | Reached skill level 1 in Evocations
  6264 | D:5      | Reached skill level 8 in Spellcasting
  6995 | D:6      | Reached XP level 8. HP: 44/44 MP: 17/22
  7033 | D:6      | Reached skill level 9 in Spellcasting
  7415 | D:6      | Reached skill level 5 in Conjurations
  7675 | D:7      | Reached skill level 10 in Spellcasting
  7935 | D:7      | Noticed Harold
  7963 | D:7      | Killed Harold
  7964 | D:7      | Reached skill level 11 in Spellcasting
  7964 | D:7      | Reached skill level 5 in Fire Magic
  7964 | D:7      | Reached XP level 9. HP: 18/48 MP: 7/26
  8466 | D:7      | Found a sacrificial altar of Ru.
  8990 | D:7      | Noticed Prince Ribbit
  8995 | D:7      | Killed Prince Ribbit
  9022 | D:7      | Noticed Maggie
  9069 | D:7      | Killed Maggie
  9757 | D:8      | You fall into a shaft and drop 1 floor!
  9781 | D:9      | Reached skill level 12 in Spellcasting
  9988 | D:9      | Noticed Erolcha
  9996 | D:9      | Noticed a brown ugly thing
 10005 | D:9      | Killed a brown ugly thing
 10006 | D:9      | Reached XP level 10. HP: 54/54 MP: 7/28
 10009 | D:9      | Killed Erolcha
 10123 | D:9      | Identified the Disquisition on Bewitchment
 10407 | D:8      | Reached skill level 13 in Spellcasting
 10484 | D:8      | Noticed Gastronok
 10508 | D:8      | Killed from afar by Gastronok

Illustrated notes

Levels and vault maps discovered:
D:1:      grunt_arrival_lava_bath, layout_basic
D:2:      minmay_door_path, layout_basic, serial_shops, shop, st_stairs_11,
          chequers_serial_rivers_marsh
D:3:      layout_loops_corners, ebering_ecumenical_altar_mist
D:4:      layout_basic, minitemple, minmay_temple_entry_from_below_a,
          kennysheep_generic_room_3, uniq_natasha
D:5:      layout_loops_cross
D:6:      layout_cave_pools
D:7:      layout_cave_pods, marbit_many_paths, kennysheep_generic_room_8,
          uniq_prince_ribbit1, uniq_harold, uniq_maggie
D:8:      layout_basic, st_stairs_4, onia_ninara_dug_in_and_dangerous,
          uniq_gastronok
D:9:      layout_loops_ring, small_chamber_with_monster, uniq_erolcha,
          uniq_joseph

Skill      XL: |  1  2  3  4  5  6  7  8  9 10 |
---------------+-------------------------------+-----
Spellcasting   | 5 6 7 8 11 12 13 | 13.0
Fighting       | 1 2 3 |  3.2
Armour         | 1 3 4 |  4.2
Conjurations   | 2 3 4 6 7 |  7.6
Fire Magic     | 1 2 3 5 6 |  6.9
Dodging        | 3 |  3.0
Air Magic      | 1 |  1.0
Stealth        | 3 |  3.0
Poison Magic   | 1 |  1.0
Evocations     | 1 |  1.0
Summonings     | |  1.1
Translocations | |  1.1

Action                   |  1- 3 |  4- 6 |  7- 9 | 10-12 || total
-------------------------+-------+-------+-------+-------++-------
Melee: Dagger            |     1 |    18 |       |       ||    19
       Staff             |       |       |    26 |       ||    26
       Short sword       |       |       |    25 |    12 ||    37
 Cast: Magic Dart        |   120 |   142 |     9 |     4 ||   275
       Call Imp          |       |     5 |     5 |       ||    10
       Conjure Flame     |       |     5 |    19 |    10 ||    34
       Mephitic Cloud    |       |     1 |     8 |     2 ||    11
       Foxfire           |       |     1 |   142 |    25 ||   168
       Blink             |       |       |     6 |       ||     6
       Fireball          |       |       |     2 |       ||     2
 Stab: Confused          |       |       |     1 |       ||     1
Armor: Robe              |     3 |       |       |       ||     3
       Leather armour    |     2 |     6 |    25 |       ||    33
       Acid dragon scale |       |       |     5 |    10 ||    15
Dodge: Dodged            |    15 |    44 |    55 |    12 ||   126

Table legend: (Time is in decaauts)
 A = Elapsed time spent in this place.
 B = Non-inter-level travel time spent in this place.
 C = Inter-level travel time spent in this place.
 D = Time resting spent in this place.
 E = Time spent auto-exploring this place.
 F = Levels seen in this place.
 G = Mean time per level.
                   A        B        C        D        E       F      G
               +--------+--------+--------+--------+--------+-----+--------+
         Total |  10524 |  10128 |    396 |    606 |   7828 |   9 | 1169.3 |
       Dungeon |  10524 |  10128 |    396 |    606 |   7828 |   9 | 1169.3 |
               +--------+--------+--------+--------+--------+-----+--------+

Top non-repeatable levels by time:
     D:5: 1699 daAuts
     D:3: 1668 daAuts
     D:7: 1629 daAuts
     D:2: 1626 daAuts
     D:4: 1429 daAuts
     D:6: 906 daAuts
     D:1: 785 daAuts
     D:8: 397 daAuts
     D:9: 382 daAuts
